[Event "Late-Titled-Tuesday-Blitz-July-09-2024"]
[Site "Chess.com"]
[Date "2024.07.09"]
[Round "5"]
[White "JavierRuizVazquez"]
[Black "Stanbad1"]
[Result "0-1"]
[WhiteElo "2415"]
[BlackElo "2632"]
[TimeControl "180+1"]
[EndTime "14:54:00 PDT"]
[Termination "Stanbad1 won by resignation"]

1. e4 e6 2. Nc3 d5 3. Nf3 Nf6 4.
e5 Nfd7 5. d4 c5 6. dxc5 Nc6 7.
Bf4 Bxc5 8. Bd3 a6 9. O-O Be7 10. Re1 g5 11. Bg3 h5 12. h3 b5 13. a3 Nc5 14. Qe2 Bb7 15. Rad1 Qb6 16. b4 Nd7 17. Nb1 Rc8 18. Nbd2 g4 19. hxg4 hxg4 20. Nh2 Rg8 21. Nb3 Ncxe5 22. Bxe5 Nxe5 23. Qxe5 g3 24. Qe3 gxh2+ 25.
Kxh2 Qc7+ 26. Kg1 Rh8 27. Qe5 Qxe5 28. Rxe5 Rh6 29. Rde1 Kd7 30. R5e3 Rch8 31. Kf1 Rg8 32. Rh3 Rxh3 33. gxh3 d4 34. Ke2 e5 35. f4 Rg2+ 36. Kf1 exf4 37. Nxd4 Rh2 38. Be4 Bxe4 39. Rxe4 Rxh3 40.
Rxf4 Rxa3 41. Nf5 Bf6 42. Rf2 Ra1+ 43. Kg2 Ke6 44. Ne3 Bd4 45. Re2 Bxe3 46. Rxe3+ Kd5 47.
c3 Kc4 48. Rf3 Ra2+ 49. Kg3 Ra3 50. Rxf7 Kxc3 51. Kf4 Kxb4 52. Rb7 a5 53. Ke4 Rc3 54. Kd4 Rc8 55. Kd3 a4 56. Ra7 Kb3 57. Rd7 b4 58. Kd2 a3 59. Rd3+ Rc3 60. Rxc3+ bxc3+ 61. Kc1 a2 0-1

[Event "Late-Titled-Tuesday-Blitz-July-09-2024"]
[Site "Chess.com"]
[Date "2024.07.09"]
[Round "5"]
[White "Seochesspie"]
[Black "Crazy_girl99"]
[Result "1-0"]
[WhiteElo "2946"]
[BlackElo "2679"]
[TimeControl "180+1"]
[EndTime "14:54:05 PDT"]
[Termination "Seochesspie won by resignation"]

1. e4 c6 2. d4 d5 3. exd5 cxd5 4. Bd3 Nc6 5. c3 Nf6 6. h3 g6 7. Nf3 Bf5 8. Be2 Be4 9. Nbd2 e6 10. O-O Bd6 11. Ng5 h6 12. Ngxe4 dxe4 13. Qc2 Rc8 14. Nxe4 Nxd4 15. Qa4+ Nc6 16. Nxd6+ Qxd6 17. Rd1 Qc7 18.
Bf3 Kf8 19. Be3 Kg7 20. Bxc6 bxc6 21. Qxa7 Qxa7 22. Bxa7 c5 23. b4 Ne4 24. Rd3 Rc7 25.
Bb6 Rc6 26. Ba5 Rb8 27. a4 cxb4 28. cxb4 Rc2 29. b5 Ra8 30. Be1 Nc5 31. Rc3 Rxc3 32. Bxc3+ f6 33. a5 Rb8 34. a6 Kf7 35. Bd4 Ne4 36. a7 Ra8 37. b6 Nd6 38. Rc1 e5 39. Rc7+ Ke6 40. Be3 Nb5 41. b7 Nxc7 42. b8=Q Kd7 43. Bb6 Nd5 44. Qxa8 Nxb6 45. Qb7+ Ke6 46. Qxb6+ Kf5 47. a8=Q h5 48. Qf3+ Kg5 49. Qbxf6+ 1-0

[Event "Late-Titled-Tuesday-Blitz-July-09-2024"]
[Site "Chess.com"]
[Date "2024.07.09"]
[Round "5"]
[White "Kyrko_Gamba"]
[Black "krzyzan94"]
[Result "0-1"]
[WhiteElo "2533"]
[BlackElo "2758"]
[TimeControl "180+1"]
[EndTime "14:54:05 PDT"]
[Termination "krzyzan94 won by resignation"]

1. e4 c5 2. Ne2 d6 3. c3 Nf6 4.
g3 g6 5. Bg2 Bg7 6. O-O O-O 7.
d4 Nc6 8. h3 cxd4 9. cxd4 e5 10. Be3 exd4 11. Nxd4 Ne5 12. Qe2 Re8 13. Nc3 a6 14. a4 Bd7 15. Rfd1 Rc8 16. Bf4 Nc4 17. b3 Ne5 18. Rac1 Qa5 19. Qd2 Qb4 20. Nce2 Qxd2 21. Bxd2 Nd3 22. Rxc8 Rxc8 23. Be3 Nc5 24. f3 b5 25.
axb5 axb5 26. Kf2 b4 27. Bf4 d5 28. exd5 Nxd5 29. Bd2 Nd3+ 30. Kg1 Re8 31. Bg5 Nb2 32.
Rb1 Nc3 33. Rxb2 Nxe2+ 34. Rxe2 Bxd4+ 35. Kf1 Bb5 0-1

[Event "Late-Titled-Tuesday-Blitz-July-09-2024"]
[Site "Chess.com"]
[Date "2024.07.09"]
[Round "5"]
[White "Hattori-Hanzo78"]
[Black "MikaelyanArman"]
[Result "1-0"]
[WhiteElo "2599"]
[BlackElo "2872"]
[TimeControl "180+1"]
[EndTime "14:54:05 PDT"]
[Termination "Hattori-Hanzo78 won by resignation"]

1. d4 c6 2. Nc3 e6 3. e4 b5 4. Be3 b4 5. Nce2 d5 6. e5 Nd7 7. f4 c5 8. Nf3 Nh6 9. Ng3 Ng4 10. Bg1 h5 11. h3 Nh6 12. Nxh5 Nf5 13. g4 Rxh5 14. gxh5 Ng3 15. Rh2 Nxf1 16. Kxf1 Ba6+ 17. Kg2 Qc7 18. Kh1 cxd4 19. Bxd4 Nc5 20. Ng5 Be7 21. Qg4 Ne4 22. Nxf7 Kxf7 23. Qg6+ Kf8 24. Rg2 Bc5 25.
h6 Qf7 26. Bxc5+ Nxc5 27. Qxg7+ Qxg7 28. Rxg7 d4 29. Rag1 Bb7+ 30. Kh2 Re8 31. Rg8+ Ke7 32. R1g7+ Kd8 33. Rxe8+ Kxe8 34. h7 1-0

[Event "Late-Titled-Tuesday-Blitz-July-09-2024"]
[Site "Chess.com"]
[Date "2024.07.09"]
[Round "5"]
[White "ACollins05"]
[Black "artin10862"]
[Result "0-1"]
[WhiteElo "2487"]
[BlackElo "2936"]
[TimeControl "180+1"]
[EndTime "14:54:07 PDT"]
[Termination "artin10862 won by checkmate"]

1. d4 Nf6 2. c4 e6 3. Nf3 b6 4.
g3 Ba6 5. b3 d5 6. cxd5 exd5 7.
Bg2 Bb4+ 8. Bd2 Be7 9. O-O O-O 10.
Re1 Nbd7 11. Bf4 Bb7 12. Nbd2 Re8 13. Rc1 c6 14. Ne5 Nxe5 15. Bxe5 Rc8 16. Nf3 Ne4 17. Nd2 Bb4 18. Nxe4 dxe4 19. Rf1 c5 20. Bh3 Ra8 21. Qc2 cxd4 22. Bc7 Qd5 23. Bg2 Rac8 24. Bh3 d3 25. Qc4 Rxc7 26. Qxd5 Bxd5 27. Rxc7 dxe2 28. Rxa7 exf1=Q+ 29. Bxf1 e3 30. fxe3 Bc5 31. Bg2 Rxe3 32. Kf1 Bxg2+ 33.
Kxg2 g6 34. a4 Rxb3 35. a5 Rb2+ 36. Kh3 bxa5 37. Rxa5 Bg1 38. Kg4 Bxh2 39. Kh3 Bg1 40. Kg4 Rb3 41. Ra2 Bb6 42. Rc2 Kg7 43. Kh3 Bd4 44. Re2 Re3 45. Rg2 Be5 46. Kh4 Kh6 47. g4 g5# 0-1

[Event "Late-Titled-Tuesday-Blitz-July-09-2024"]
[Site "Chess.com"]
[Date "2024.07.09"]
[Round "5"]
[White "giomar27"]
[Black "dodorox"]
[Result "1-0"]
[WhiteElo "2433"]
[BlackElo "2186"]
[TimeControl "180+1"]
[EndTime "14:54:07 PDT"]
[Termination "giomar27 won on time"]

1. d4 Nf6 2. Nc3 d5 3. Bf4 e6 4. e3 Bd6 5. Qf3 a6 6. g4 h6 7. h4 Bxf4 8. Qxf4 Qd6 9. Qxd6 cxd6 10. f3 Nc6 11. Nh3 e5 12. g5 hxg5 13. hxg5 exd4 14. exd4 Nh5 15. Nf4 g6 16. Ncxd5 Nxd4 17. O-O-O Ne6 18. Nxe6 Bxe6 19. Nc7+ Kd7 20. Nxa8 Rxa8 21. Bh3 Bxh3 22. Rxh3 Re8 23. Rh2 Ng3 24. Rhd2 Nf5 25. b3 Re3 26. Rd3 Re2 27. R1d2 Re1+ 28. Kb2 Rg1 29. f4 Rf1 30.
c4 Kc6 31. Re2 Rxf4 32. Re8 Rg4 33. Rc8+ Kd7 34. Rb8 Kc7 35. Rf8 Rxg5 36. Rxf7+ Kc6 37.
Rf6 Rg2+ 38. Ka3 b5 39. Rc3 bxc4 40. Rxc4+ Kb5 41. Rf8 Kb6 42. Rb8+ Ka7 43. Rbb4 g5 44. Rc7+ Ka8 45. Rb6 g4 46. Rxa6+ Kb8 47. Rc4 g3 48. Rb6+ Ka7 49. Rb5 1-0

[Event "Late-Titled-Tuesday-Blitz-July-09-2024"]
[Site "Chess.com"]
[Date "2024.07.09"]
[Round "5"]
[White "ernestina08chess"]
[Black "EsmeraldasAnderson03"]
[Result "0-1"]
[WhiteElo "2294"]
[BlackElo "2529"]
[TimeControl "180+1"]
[EndTime "14:54:07 PDT"]
[Termination "EsmeraldasAnderson03 won on time"]

1. e4 c5 2. Nf3 d6 3. d4 cxd4 4. Nxd4 Nf6 5. Nc3 a6 6. Bg5 e6 7. f4 Nbd7 8. Qd2 Qc7 9. O-O-O b5 10. Bd3 Bb7 11. Rhe1 Be7 12. Kb1 O-O 13. e5 dxe5 14.
fxe5 Nxe5 15. Bf4 Bd6 16. Ndxb5 axb5 17. Nxb5 Qa5 18. Qxa5 Rxa5 19. Nxd6 Nxd3 20. Rxd3 Bd5 21. c4 Bxg2 22. b4 Ra4 23. Bd2 Rd8 24. Ree3 Ne4 25. c5 Nxd2+ 26. Rxd2 Rxb4+ 27. Rb3 Rdb8 28. Rxg2 Rxb3+ 29. axb3 Rxb3+ 30. Kc2 Ra3 31. c6 Ra6 32.
c7 Rc6+ 33. Kb3 Rxc7 34. Ra2 g5 35. Ne4 h6 36. h4 f5 37. Nd6 Rd7 38. Nc4 Kg7 39.
Ne5 Rd5 40. Ra7+ Kf6 41. Nd7+ Kg6 42. Nf8+ Kh5 43. Nxe6 Kxh4 44. Rh7 h5 45. Ng7 Rd7 0-1

[Event "Late-Titled-Tuesday-Blitz-July-09-2024"]
[Site "Chess.com"]
[Date "2024.07.09"]
[Round "5"]
[White "MarcoRiehle"]
[Black "MKlose11"]
[Result "1-0"]
[WhiteElo "2860"]
[BlackElo "2660"]
[TimeControl "180+1"]
[EndTime "14:54:08 PDT"]
[Termination "MarcoRiehle won by resignation"]

1. e4 e6 2. c4 d5 3. cxd5 exd5 4. Qb3 Nf6 5. e5 Ne4 6. Nc3 Nxc3 7. bxc3 b6 8. d4 Be7 9. f4 O-O 10. Nf3 Bf5 11. Be2 c5 12. O-O Nc6 13. Be3 Rc8 14. Rac1 h6 15. Nd2 Qd7 16. h3 Na5 17. Qd1 cxd4 18.
cxd4 Rxc1 19. Qxc1 Rc8 20. Qd1 Bc2 21. Qe1 Ba4 22.
f5 Bb5 23. f6 Bxe2 24. Qxe2 Bf8 25. fxg7 Bxg7 26. Rf3 Rc6 27. Rg3 Rg6 28. Rxg6 fxg6 29.
Kh2 b5 30. Nb3 Nxb3 31. axb3 a5 32. Bd2 a4 33. bxa4 bxa4 34. Bb4 Kf7 35. Qf1+ Ke8 36. Qa6 Kf7 37. Bc5 h5 38. Qf1+ Qf5 39. Qa1 Qc2 40.
Qf1+ Qf5 41. Qa1 Qc2 42. Qa3 Qb3 43. Qc1 Ke6 44. Qg5 Qd3 45. Qe7+ Kf5 46. Qxg7 Qe3 47. Qf7+ Ke4 48. Qf3+ Qxf3 49. gxf3+ Kf5 50. Kg3 1-0

[Event "Late-Titled-Tuesday-Blitz-July-09-2024"]
[Site "Chess.com"]
[Date "2024.07.09"]
[Round "5"]
[White "Zq1"]
[Black "Hirna2005"]
[Result "1-0"]
[WhiteElo "2580"]
[BlackElo "2411"]
[TimeControl "180+1"]
[EndTime "14:54:12 PDT"]
[Termination "Zq1 won by resignation"]

1. d4 g6 2. e4 Bg7 3. Nf3 d6 4. c3 Nf6 5. Bd3 O-O 6. O-O Nc6 7.
h3 e5 8. d5 Ne7 9. c4 Nd7 10.
Nc3 a5 11. a3 f5 12. Ng5 Nc5 13. Be3 Nxd3 14. Qxd3 h6 15. Ne6 Bxe6 16. dxe6 Rf6 17. Nd5 Rxe6 18. Nxe7+ Qxe7 19. exf5 gxf5 20. Qxf5 Rf8 21.
Qe4 b6 22. Rad1 Qf7 23. b4 axb4 24. axb4 Qf5 25. f3 Rg6 26. c5 bxc5 27. bxc5 Kh7 28. g4 Qxe4 29. fxe4 Rxf1+ 30. Kxf1 Re6 31. Ke2 Bf8 32. c6 Kg6 33. Rb1 Re8 34. Rb7 Rc8 35.
Kd3 Be7 36. Kc4 Bd8 37. Kd5 Ra8 38. Ra7 Rxa7 39. Bxa7 Kf7 40. Be3 Bg5 41. Bf2 Ke7 42. h4 Bf4 43. h5 Kf6 44. Bh4+ Bg5 45. Bxg5+ Kxg5 46. Ke6 Kxg4 47. Kd7 Kf4 48. Kxc7 Kxe4 49. Kxd6 Kd4 50. c7 e4 51. c8=Q e3 52. Qc5+ Kd3 53.
Qd5+ Kc2 54. Qe6 Kd2 55. Qxh6 Kd3 56. Qxe3+ Kxe3 57. h6 1-0

[Event "Late-Titled-Tuesday-Blitz-July-09-2024"]
[Site "Chess.com"]
[Date "2024.07.09"]
[Round "5"]
[White "Meri-Arabidze"]
[Black "Rud_Makarian"]
[Result "0-1"]
[WhiteElo "2687"]
[BlackElo "2986"]
[TimeControl "180+1"]
[EndTime "14:54:13 PDT"]
[Termination "Rud_Makarian won on time"]

1. d4 Nf6 2. c4 e6 3. Nc3 d5 4. cxd5 exd5 5. Bg5 c6 6. e3 h6 7. Bh4 Be7 8. Bd3 O-O 9. h3 Re8 10. Nf3 a5 11. Qc2 Nbd7 12. Bg3 b5 13. O-O Bb7 14. Rfe1 a4 15. a3 Nb6 16. Ne5 Bd6 17. Rad1 Qc7 18.
f4 Nc4 19. Bf2 Rad8 20. g4 Nd7 21. Bh4 Ra8 22. Bh7+ Kf8 23. Nxf7 Kxf7 24. Qg6+ Kf8 25. Qf5+ Nf6 26. Bxf6 gxf6 27. e4 Qg7 28. e5 Bc8 29.
exf6 Bxf5 30. fxg7+ Kxg7 31. Bxf5 Nxb2 32. Rxe8 Rxe8 33.
Rb1 Nc4 34. Kf2 Re3 35. Ne2 Rxa3 36. Bd7 Rb3 37. Rg1 a3 38. Bxc6 a2 39. Ra1 Rb2 40. Bxd5 Bxf4 41. Kf3 Bd2 42. Ng3 Bc3 43. Nf5+ Kf6 44.
Rf1 Nd2+ 0-1

[Event "Late-Titled-Tuesday-Blitz-July-09-2024"]
[Site "Chess.com"]
[Date "2024.07.09"]
[Round "5"]
[White "osielchesslover2011"]
[Black "Road2GM3000"]
[Result "1-0"]
[WhiteElo "2199"]
[BlackElo "2380"]
[TimeControl "180+1"]
[EndTime "14:54:14 PDT"]
[Termination "osielchesslover2011 won by resignation"]

1. e4 c5 2. Nf3 d6 3. d4 cxd4 4. Nxd4 Nf6 5. Nc3 a6 6. Bg5 e6 7. f4 Qb6 8. Qd2 Nc6 9. Nb3 Ng4 10.
f5 h6 11. Bf4 Be7 12. h3 Nge5 13. O-O-O O-O 14. g4 Rd8 15. Be2 Na5 16. Nxa5 Qxa5 17. g5 exf5 18. gxh6 g6 19. Bg5 Bxg5 20. Qxg5 Nd7 21. Nd5 Re8 22. exf5 Kh7 23. fxg6+ fxg6 24. Bd3 Ne5 25. Bxg6+ Nxg6 26. Nf6+ Kh8 27. Qxa5 1-0

[Event "Late-Titled-Tuesday-Blitz-July-09-2024"]
[Site "Chess.com"]
[Date "2024.07.09"]
[Round "5"]
[White "fugadelafuga"]
[Black "chipmunknau"]
[Result "1-0"]
[WhiteElo "2454"]
[BlackElo "2693"]
[TimeControl "180+1"]
[EndTime "14:54:16 PDT"]
[Termination "fugadelafuga won by resignation"]

1. c4 Nf6 2. Nc3 g6 3. g3 Bg7 4.
Bg2 O-O 5. e4 e5 6. Nge2 Nc6 7.
O-O d6 8. Rb1 a5 9. a3 Be6 10.
d3 Qd7 11. b4 axb4 12. axb4 Bh3 13. Bxh3 Qxh3 14. f3 Nd8 15. Be3 c6 16. b5 Ne6 17.
bxc6 bxc6 18. Qd2 Rfd8 19. Ra1 Rac8 20. d4 d5 21. cxd5 cxd5 22. Nxd5 Nxd5 23. exd5 exd4 24. dxe6 dxe3 25. exf7+ Kh8 26. Qxe3 Bxa1 27. Rxa1 Qf5 28. Ra7 Qc5 29. Nd4 Qc1+ 30. Qxc1 Rxc1+ 31. Kf2 Rf8 32. Ne6 Rcc8 33. g4 h6 34. h4 Ra8 35. Rxa8 1-0

[Event "Late-Titled-Tuesday-Blitz-July-09-2024"]
[Site "Chess.com"]
[Date "2024.07.09"]
[Round "5"]
[White "dawid498"]
[Black "Kirill_Klukin"]
[Result "0-1"]
[WhiteElo "2674"]
[BlackElo "2931"]
[TimeControl "180+1"]
[EndTime "14:54:18 PDT"]
[Termination "Kirill_Klukin won on time"]

1. e4 c5 2. Nc3 Nc6 3. Bb5 Nd4 4. Bc4 g6 5. Nf3 Bg7 6. Nxd4 cxd4 7. Qf3 Nf6 8. e5 dxc3 9. dxc3 Qb6 10. exf6 Qxf6 11.
Qxf6 Bxf6 12. Bh6 d6 13. O-O-O Be6 14. Bxe6 fxe6 15. h4 Kd7 16. Be3 a6 17. h5 g5 18.
c4 Kc6 19. Bd4 Bxd4 20. Rxd4 e5 21. Rg4 h6 22. Kd2 Rhf8 23. f3 Rf4 24. Rxf4 gxf4 25. Rh4 Rf8 26. b4 Rf5 27. Kd3 Rg5 28. Rg4 Rxh5 29. a4 Rh1 30. Rg7 Kd7 31. a5 h5 32.
Rg8 Rd1+ 33. Kc3 Rg1 34. Rb8 Kc7 35. Re8 Rxg2 36. Rxe7+ Kc6 37. Rh7 Rh2 38. Kb3 Rh3 39.
Ka4 b5+ 0-1

[Event "Late-Titled-Tuesday-Blitz-July-09-2024"]
[Site "Chess.com"]
[Date "2024.07.09"]
[Round "5"]
[White "anderson2361"]
[Black "BaylavChess"]
[Result "0-1"]
[WhiteElo "2221"]
[BlackElo "2406"]
[TimeControl "180+1"]
[EndTime "14:54:19 PDT"]
[Termination "BaylavChess won by checkmate"]

1. c4 Nf6 2. Nf3 g6 3. Nc3 d5 4. cxd5 Nxd5 5. g3 Bg7 6. Bg2 O-O 7. O-O Nb6 8. a4 a5 9. d4 Nc6 10. Bg5 h6 11. Bf4 Bf5 12. Nb5 Nd5 13. Bd2 Ndb4 14. e3 Bd3 15. Rc1 Bxf1 16. Qxf1 Rb8 17. h4 h5 18. Bc3 Nd5 19. Bd2 e5 20. e4 Nb6 21.
d5 Nd4 22. Nfxd4 exd4 23. Bxa5 Ra8 24. Bb4 Re8 25. Nxc7 Rxa4 26. Nxe8 Rxb4 27. Nxg7 Kxg7 28. Qd3 Qf6 29. b3 Nd7 30. f4 Qb6 31. e5 Rxb3 32.
Qc4 d3+ 33. Kh2 Rb1 34. Rxb1 Qxb1 35. e6 Nf6 36. Qd4 d2 37. Qxd2 Ng4+ 38. Kh3 Qg1 39. e7 Qh2# 0-1

[Event "Late-Titled-Tuesday-Blitz-July-09-2024"]
[Site "Chess.com"]
[Date "2024.07.09"]
[Round "5"]
[White "Brown_Mamba24"]
[Black "AcostaPablo"]
[Result "0-1"]
[WhiteElo "2519"]
[BlackElo "2710"]
[TimeControl "180+1"]
[EndTime "14:54:20 PDT"]
[Termination "AcostaPablo won by resignation"]

1. d4 Nf6 2. c4 e6 3. g3 d5 4. Bg2 Be7 5. Nf3 O-O 6. O-O Nbd7 7.
Qc2 c6 8. Nbd2 b6 9. Rd1 Bb7 10. e4 c5 11. e5 Ne8 12. dxc5 Rc8 13. b4 bxc5 14. b5 Qc7 15. Bb2 d4 16. Re1 h6 17. h4 Qb6 18. a4 a5 19. Ne4 f5 20. exf6 Nexf6 21. Nxf6+ Rxf6 22. Nh2 Bxg2 23. Kxg2 Qb7+ 24. Kg1 h5 25. f4 Rcf8 26. Re2 Bd6 27. Rf1 e5 28. fxe5 Rxf1+ 29. Nxf1 Nxe5 30. Qe4 Qxe4 31. Rxe4 Nxc4 32. Bc1 Rf3 33. Re8+ Kf7 34. Rd8 Rc3 35. Bf4 Bxf4 36. gxf4 Rc2 37. Rd5 Nb6 38. Rxh5 Nxa4 39. Ng3 d3 40. Ne4 Re2 41. Rf5+ Kg6 42.
Rg5+ Kh7 43. Rh5+ Kg8 44. Re5 d2 45. Nxd2 Rxd2 46. b6 Rb2 47. Re8+ Kf7 48. Ra8 Nxb6 49. Rxa5 c4 50. Rc5 Ke6 51. Kf1 Kd6 52. Rc8 0-1

[Event "Late-Titled-Tuesday-Blitz-July-09-2024"]
[Site "Chess.com"]
[Date "2024.07.09"]
[Round "5"]
[White "annasargsyan_m"]
[Black "JunjiCol"]
[Result "0-1"]
[WhiteElo "2681"]
[BlackElo "2447"]
[TimeControl "180+1"]
[EndTime "14:54:21 PDT"]
[Termination "JunjiCol won by resignation"]

1. d4 d5 2. c4 e6 3. Nc3 c5 4. cxd5 cxd4 5. Qxd4 Nc6 6. Qd2 exd5 7. Qxd5 Qc7 8. Nf3 Nf6 9. Qd2 Bf5 10. a3 Rd8 11.
Qe3+ Be7 12. g3 Qa5 13. Bd2 Nb4 14. Rc1 Nc2+ 15. Rxc2 Bxc2 16. Bg2 Qc7 17. Nd4 Bg6 18. Ndb5 Qb6 19. Nxa7 Qxb2 20. Nab5 O-O 21. O-O Rfe8 22. Bc1 Qb3 23. Nc7 Bb4 24. Nxe8 Rxe8 25. Qxe8+ Nxe8 26. axb4 Qxc3 27. b5 b6 28. Bc6 Nf6 29.
Be3 Qa5 30. Rd1 h6 31. h4 Be4 32. Rc1 Nd5 33. Bd4 Qd2 34. Be3 Nxe3 0-1

[Event "Late-Titled-Tuesday-Blitz-July-09-2024"]
[Site "Chess.com"]
[Date "2024.07.09"]
[Round "5"]
[White "Matalon"]
[Black "nitpicker"]
[Result "0-1"]
[WhiteElo "2484"]
[BlackElo "2311"]
[TimeControl "180+1"]
[EndTime "14:54:21 PDT"]
[Termination "nitpicker won by checkmate"]

1. e4 c5 2. Nf3 Nc6 3. d4 cxd4 4. Nxd4 Nf6 5. Nc3 d6 6. Bg5 Qb6 7. Nb3 e6 8. Qd3 a6 9. Be2 Be7 10. f4 Qc7 11. O-O-O b5 12. Bf3 Bb7 13. Kb1 O-O 14. g4 Rfd8 15. h4 b4 16. Ne2 d5 17.
e5 Ne4 18. Bxe7 Nxe7 19. Qe3 Rac8 20. Nbd4 a5 21. h5 a4 22. g5 Nf5 23. Qg1 a3 24.
Rh2 axb2 25. Bxe4 dxe4 26. Ng3 Nxd4 27. Rxd4 Rxd4 28. Qxd4 Qc3 29. Qd1 e3 30. Ne2 Qd2 31. Qf1 Qxc2# 0-1

[Event "Late-Titled-Tuesday-Blitz-July-09-2024"]
[Site "Chess.com"]
[Date "2024.07.09"]
[Round "5"]
[White "CarlosjPineror"]
[Black "BogdanDeac"]
[Result "0-1"]
[WhiteElo "2679"]
[BlackElo "2964"]
[TimeControl "180+1"]
[EndTime "14:54:22 PDT"]
[Termination "BogdanDeac won by resignation"]

1. e4 c5 2. Nf3 e6 3. c3 d5 4. e5 d4 5. Bd3 Nc6 6. O-O f5 7.
exf6 Nxf6 8. Re1 Bd6 9. Na3 O-O 10. cxd4 cxd4 11. Bc4 Ng4 12. Rxe6 Kh8 13. h3 Nge5 14. Nxe5 Nxe5 15. Rxd6 Qxd6 16. d3 Bxh3 17. Qh5 Bg4 18. Qh4 Qg6 19. Bg5 Rae8 20. f4 h6 21. Bb5 Re6 22. Re1 Nc6 23. Rxe6 Bxe6 24. Bc4 Bxc4 25. Nxc4 Kg8 26. Be7 Re8 27. Bd6 Qxd3 28. Be5 Qxc4 0-1

[Event "Late-Titled-Tuesday-Blitz-July-09-2024"]
[Site "Chess.com"]
[Date "2024.07.09"]
[Round "5"]
[White "PapaieDudu"]
[Black "Oleg_Papayan"]
[Result "0-1"]
[WhiteElo "2411"]
[BlackElo "2601"]
[TimeControl "180+1"]
[EndTime "14:54:22 PDT"]
[Termination "Oleg_Papayan won by resignation"]

1. e4 d5 2. exd5 Qxd5 3. Nc3 Qd8 4.
d4 c6 5. Nf3 Bf5 6. Bd3 Bg6 7.
Bf4 e6 8. Qe2 Nf6 9. O-O-O Bb4 10.
Bxg6 hxg6 11. Ne4 Nxe4 12. Qxe4 Qa5 13. Kb1 Nd7 14. c3 Be7 15. Ne5 Qd5 16. Qxd5 cxd5 17.
Nxd7 Kxd7 18. Be5 Bf6 19. f4 Rh7 20. h3 Be7 21. f5 gxf5 22. Rde1 b5 23. a3 a5 24. Re3 g5 25. Rc1 g4 26. hxg4 Bg5 27. Rce1 Bxe3 28. Rxe3 fxg4 29. Bf4 f5 30. Re5 Rh1+ 31.
Ka2 Rc8 32. g3 b4 33. axb4 axb4 34. cxb4 Rh2 35. Kb3 Rcc2 36. Ka4 Rxb2 37. Kb5 Rb3 38. Re1 Rhb2 39. Rh1 Rxb4+ 40. Ka5 Rxd4 41. Rh7+ Ke8 42. Rh8+ Kf7 43. Rc8 Rc4 44. Rh8 Rxf4 45. gxf4 g3 46. Rc8 g2 47. Rc7+ Kf6 48. Rc1 e5 49. fxe5+ Kxe5 50. Ka4 f4 51. Ka3 Rb8 0-1

[Event "Late-Titled-Tuesday-Blitz-July-09-2024"]
[Site "Chess.com"]
[Date "2024.07.09"]
[Round "5"]
[White "bancsoo"]
[Black "champ2005"]
[Result "0-1"]
[WhiteElo "2850"]
[BlackElo "3045"]
[TimeControl "180+1"]
[EndTime "14:54:23 PDT"]
[Termination "champ2005 won on time"]

1. Nf3 Nf6 2. g3 b6 3. Bg2 Bb7 4. O-O e6 5. d4 Be7 6. c4 O-O 7. Nc3 Ne4 8. Bd2 Nxd2 9. Qxd2 d6 10. Rfd1 Nd7 11. Rac1 Re8 12. e3 Bf8 13. b4 c6 14. Ne1 d5 15. b5 cxb5 16. cxd5 b4 17. Nb5 exd5 18. Nc7 Nf6 19. Nxa8 Bxa8 20. Nd3 a5 21.
Ne5 Bd6 22. Qd3 Bb7 23. Qb5 Bxe5 24. dxe5 Rxe5 25. Rc2 h5 26. Rdc1 Re7 27. h4 Ng4 28. Qd3 g6 29. Qd4 Rd7 30. Rb1 Rd6 31. Rbc1 Ba6 32. Bf1 Bb7 33. Rc7 Qa8 34. Rxf7 Kxf7 35. Rc7+ Ke6 36. Qg7 Qe8 37. Rxb7 a4 38. Bb5 Qxb5 39.
Re7+ Kf5 40. Qf7+ Rf6 0-1

[Event "Late-Titled-Tuesday-Blitz-July-09-2024"]
[Site "Chess.com"]
[Date "2024.07.09"]
[Round "5"]
[White "Korchmar_Vasiliy"]
[Black "pirulillo"]
[Result "0-1"]
[WhiteElo "2610"]
[BlackElo "2438"]
[TimeControl "180+1"]
[EndTime "14:54:23 PDT"]
[Termination "pirulillo won by resignation"]

1. e4 c5 2. d4 cxd4 3. Qxd4 Nc6 4. Qd3 Nf6 5. Nc3 d6 6. Nf3 e6 7. Bg5 Be7 8. O-O-O a6 9. Bxf6 gxf6 10. Nh4 b5 11.
f4 Qa5 12. Kb1 Bd7 13. g3 Rc8 14. Qd2 b4 15. Ne2 Na7 16. f5 Nb5 17. Nc1 Nc3+ 18. bxc3 bxc3 19. Nb3 Qb4 20. Qc1 a5 21. a3 Qb6 22.
Ka1 Rb8 23. a4 Qb4 24. Rd4 Qb6 25. fxe6 fxe6 26. Bc4 Bxa4 27. Bxe6 Bxb3 28. Bxb3 Qxd4 29. Nf5 Qb4 30. Rd1 a4 31. Rd4 axb3 32. Rxb4 b2+ 0-1

[Event "Late-Titled-Tuesday-Blitz-July-09-2024"]
[Site "Chess.com"]
[Date "2024.07.09"]
[Round "5"]
[White "KNVB"]
[Black "Mikhal867"]
[Result "1-0"]
[WhiteElo "2665"]
[BlackElo "2441"]
[TimeControl "180+1"]
[EndTime "14:54:27 PDT"]
[Termination "KNVB won on time"]

1. d4 Nf6 2. Bf4 c5 3. c3 Qb6 4.
Qb3 cxd4 5. Qxb6 axb6 6. Bxb8 Rxb8 7. cxd4 d5 8. e3 Bf5 9. Bb5+ Kd8 10. Nf3 e6 11. Ne5 Bxb1 12. Nxf7+ Ke7 13. Nxh8 Bf5 14. f3 h5 15. Ke2 Ne8 16. Bd3 Kf6 17. g4 Bxd3+ 18.
Kxd3 h4 19. g5+ Kf5 20. Nf7 Nc7 21. Rhg1 Na6 22. a3 Be7 23. f4 g6 24. Ne5 h3 25.
Rac1 Rh8 26. Rc2 Rh7 27. Rc8 1-0

[Event "Late-Titled-Tuesday-Blitz-July-09-2024"]
[Site "Chess.com"]
[Date "2024.07.09"]
[Round "5"]
[White "TigrVShlyape"]
[Black "hakanazeri2"]
[Result "1-0"]
[WhiteElo "2966"]
[BlackElo "2681"]
[TimeControl "180+1"]
[EndTime "14:54:28 PDT"]
[Termination "TigrVShlyape won on time"]

1. e4 c5 2. Nf3 d6 3. d4 cxd4 4.
Nxd4 Nf6 5. Nc3 a6 6. a4 e5 7. Nf3 h6 8. Bc4 Be7 9. O-O O-O 10. Qe2 Be6 11. Rd1 Nc6 12. Nd5 Rc8 13. c3 Na5 14. Ba2 Nxd5 15. exd5 Bd7 16. b4 Bxa4 17. bxa5 Bxd1 18.
Qxd1 Qxa5 19. Bd2 b5 20. Bb3 Qb6 21. Qe2 a5 22. g4 a4 23. Bc2 b4 24. Rxa4 bxc3 25.
Be3 Qb2 26. Qd3 g6 27. Bxh6 Rfe8 28. h4 Ra8 29. Rc4 Rec8 30. Rxc8+ Rxc8 31. h5 Qb4 32. Nh2 Qd4 33. Qa6 Qc4 34. Qb7 Rc7 35. Qb6 Qc5 36. Qb8+ Rc8 37. Qb1 g5 38. Nf1 f6 39. Ne3 Bf8 40.
Bxf8 Kxf8 41. Qd1 Qd4 42. Qe2 e4 43. Qa6 Rd8 44. Qb7 Qe5 45. h6 1-0

[Event "Late-Titled-Tuesday-Blitz-July-09-2024"]
[Site "Chess.com"]
[Date "2024.07.09"]
[Round "5"]
[White "brm72"]
[Black "RichardShtivelband"]
[Result "1-0"]
[WhiteElo "2647"]
[BlackElo "2385"]
[TimeControl "180+1"]
[EndTime "14:54:28 PDT"]
[Termination "brm72 won on time"]

1. e4 e5 2. Nf3 Nc6 3. d4 exd4 4. Nxd4 Bb4+ 5. c3 Bc5 6. Be3 Bb6 7. Nf5 Qf6 8. g3 d6 9. Nd4 Bd7 10. Bg2 Nge7 11. O-O h5 12. h4 Qg6 13. Nb5 O-O-O 14. Bxb6 axb6 15. Qa4 Kb8 16. Nd2 Nc8 17. Qc4 Be6 18.
Qe2 Rhe8 19. Rfe1 Ne5 20. Nd4 Bd7 21. a4 f5 22. a5 bxa5 23. Rxa5 f4 24. Rea1 Nb6 25.
gxf4 Bh3 26. Qf1 c5 27. Nb5 Nc6 28. R5a3 Rf8 29. Nc4 1-0

[Event "Late-Titled-Tuesday-Blitz-July-09-2024"]
[Site "Chess.com"]
[Date "2024.07.09"]
[Round "5"]
[White "TheMagician"]
[Black "IMVadim"]
[Result "0-1"]
[WhiteElo "2104"]
[BlackElo "2432"]
[TimeControl "180+1"]
[EndTime "14:54:28 PDT"]
[Termination "IMVadim won by checkmate"]

1. d4 Nf6 2. Nf3 g6 3. g3 Bg7 4.
Bg2 O-O 5. c4 c6 6. O-O d5 7.
Qc2 Ne4 8. Nc3 Nxc3 9. Qxc3 Nd7 10. cxd5 cxd5 11. Bf4 Nf6 12. Bc7 Qe8 13. Nd2 Bd7 14. Be5 Rc8 15. Qb3 Bb5 16. Rfe1 Qd7 17. a4 Ba6 18.
Bxf6 Bxf6 19. e3 e6 20. Nf3 Bc4 21. Qd1 Qd6 22. b3 Ba6 23. Bf1 Bxf1 24. Kxf1 Qb4 25.
Re2 Rc3 26. Rb2 Rfc8 27. Kg2 h5 28. h4 Kg7 29. a5 a6 30. Ra4 Qb5 31. Ra1 Qc6 32.
b4 Qb5 33. Rab1 Ra3 34. Ng5 Bxg5 35. hxg5 Rac3 36. Qf3 Rc1 37. Qf6+ Kg8 38. Qe7 Qf1+ 39. Kf3 Rxb1 40. Rxb1 Qxb1 41. Kf4 Qe4# 0-1